 Dungeon Crawl Stone Soup version 0.26-a0-597-gb535b0901c (webtiles) character file.

Game seed: 4534271881578650598

17859 THICCCLAPPER the Destroyer (level 12, -8/59 HPs)
             Began as a Gargoyle Conjurer on Aug 26, 2020.
             Was a Follower of Ashenzari.
             Killed from afar by an orc sorcerer (35 damage)
             ... with a bolt of fire
             ... on level 1 of the Orcish Mines on Aug 27, 2020.
             The game lasted 01:08:35 (15463 turns).

THICCCLAPPER the Destroyer (Gargoyle Conjurer)     Turns: 15463, Time: 01:08:36

Health: -8/59      AC: 19    Str: 11    XL:     12   Next: 52%
Magic:  14/24      EV: 12    Int: 24    God:    Ashenzari [*.....]
Gold:   1550       SH:  0    Dex: 14    Spells: 8/27 levels left

rFire    . . .     SeeInvis .   f - +1 quick blade
rCold    + . .     Faith    .   (no shield)
rNeg     + . .     Spirit   .   z - +2 robe {MR+} (curse)
rPois    ∞         Reflect  .   G - +3 helmet "Ixamag" {+Fly rElec rC+} (curse)
rElec    +         Harm     .   g - scarf {+Inv} (curse)
rCorr    .                      m - +0 pair of gloves
MR       +....                  p - +1 pair of boots
Stlth    +++++.....             e - amulet of magic regeneration (curse)
HPRegen  0.19/turn              F - +6 ring of dexterity
MPRegen  0.44/turn              N - ring of stealth (curse)

@: very slightly contaminated, lightly drained, invisible
A: negative energy resistance 1, electricity resistance, unbreathing,
petrification resistance, rot immunity, AC +8
a: Curse Item, Scrying, Renounce Religion, Evoke Flight


You were on level 1 of the Orcish Mines.
You worshipped Ashenzari.
Ashenzari was aware of your devotion.
You visited 3 branches of the dungeon, and saw 13 of its levels.
You also visited: Bailey.

You collected 3337 gold pieces.
You spent 1787 gold pieces at shops.

Inventory:

Hand Weapons
 f - a +1 quick blade (weapon)
 O - a +0 short sword of venom
Missiles
 h - 52 poisoned darts (quivered)
 i - 492 stones
 s - 311 arrows
 t - 125 bolts
 y - 116 sling bullets
 A - 14 javelins
 P - 4 boomerangs
Armour
 a - a +2 tower shield
 g - a cursed scarf of invisibility (worn)
 m - a +0 pair of gloves (worn)
 p - a +1 pair of boots (worn)
 z - a cursed +2 robe of magic resistance (worn)
 G - the cursed +3 helmet "Ixamag" (worn) {+Fly rElec rC+}
   (You bought it in a shop on level 7 of the Dungeon)

   It protects you from cold.
   It insulates you from electricity.
   It lets you fly.
   It has a curse placed upon it.
 M - a +2 robe of fire resistance
Jewellery
 e - a cursed amulet of magic regeneration (around neck)
 F - a +6 ring of dexterity (left hand)
 N - a cursed ring of stealth (right hand)
Wands
 q - a wand of random effects (24)
 x - a wand of acid (15)
 E - a wand of polymorph (5)
 T - a wand of iceblast (11)
Scrolls
 c - 6 scrolls of remove curse
 d - 4 scrolls of teleportation {unknown}
 j - 2 scrolls of enchant armour {unknown}
 k - 2 scrolls of noise {unknown}
 o - 2 scrolls of magic mapping {unknown}
 u - 2 scrolls of amnesia
 w - a scroll of fear
 D - a scroll of immolation {unknown}
 J - a scroll of torment {unknown}
 L - a scroll of fog
 R - 2 scrolls of identify
Potions
 b - a potion of resistance
 l - 9 potions of might
 n - a potion of stabbing {unknown}
 r - 2 potions of ambrosia {unknown}
 v - 8 potions of curing
 B - 4 potions of mutation
 C - 2 potions of flight {unknown}
 H - 4 potions of heal wounds {unknown}
 I - a potion of brilliance {unknown}
 K - a potion of cancellation {unknown}
 Q - 2 potions of lignification {unknown}
Miscellaneous
 S - a phantom mirror


   Skills:
 + Level 3.7(3.4) Short Blades
 - Level 1.5(1.3) Dodging
 + Level 8.1(7.8) Stealth
 * Level 8.2(8.0) Spellcasting
 - Level 12.0(11.6) Conjurations
 + Level 8.6(8.3) Hexes
 * Level 2.9(2.7) Transmutations
 * Level 5.1(4.9) Earth Magic
 * Level 6.2(6.0) Evocations


You had 8 spell levels left.
You knew the following spells:

 Your Spells              Type           Power        Failure   Level
a - Magic Dart            Conj           ####         1%          1
b - Searing Ray           Conj           ######       1%          2
c - Fulminant Prism       Conj/Hex       ######....   1%          4
d - Dazzling Flash        Conj/Hex       ######       1%          3
e - Metabolic Englaciati  Hex/Ice        ####......   32%         5
f - Petrify               Tmut/Erth      ####....     13%         4

Your spell library contained the following spells:

 Spells                   Type           Power        Failure   Level
 Corona                   Hex            #####..      1%          1
 Confusing Touch          Hex            #####...     1%          3
 Tukima's Dance           Hex            #####...     1%          3
 Animate Skeleton         Necr           #.....       6%          1
 Apportation              Tloc           #.....       6%          1
 Summon Small Mammal      Summ           #...         6%          1
 Iskenderun's Mystic Bla  Conj/Tloc      #####...     6%          4
 Ignite Poison            Fire/Tmut/Pois ##......     14%         3
 Fireball                 Conj/Fire      #####.....   16%         5
 Gell's Gravitas          Tloc           #.........   19%         3
 Lesser Beckoning         Tloc           #.........   19%         3
 Yara's Violent Unravell  Hex/Tmut       #####.....   19%         5
 Invisibility             Hex            #####...     32%         6
 Starburst                Conj/Fire      #####.....   65%         6
 Alistair's Intoxication  Tmut/Pois      ###......    71%         5
 Ignition                 Fire           #.........   100%        8


Dungeon Overview and Level Annotations

Branches:
Dungeon (11/15)            Temple (1/1) D:6            Lair (0/6) D:11
    Orc (1/2) D:11         Bailey (visited)

Altars:
Ashenzari
Cheibriados
Dithmenos
Elyvilon
Fedhas
Gozag
Hepliaklqana
Kikubaaqudgha
Makhleb
Nemelex Xobeh
Okawaru
Qazlal
Ru
Sif Muna
Trog
Uskayaw
Vehumet
Wu Jian
Xom
Yredelemnul
Zin
The Shining One

Shops:
D:4 *   D:7 [=[}(   D:8 *   D:9 [


Innate Abilities, Weirdness & Mutations

You are resistant to torment.
Your stone body is resilient. (AC +8)
You are immune to poison.
You resist negative energy. (rN+)
You are resistant to electric shocks. (rElec)
You can survive without breathing.
You are immune to petrification.
You are immune to rotting.


Message History

Aiming: Petrify (dangerous; 13% risk of failure)
Press: ? - help, Shift-Dir - straight line, f/p - orc sorcerer
Aim: an orc sorcerer, wielding a +0 dagger and wearing a +0 robe (chance to defeat MR: 39%)
The orc sorcerer resists with some effort.
The orc sorcerer casts a spell at you. The bolt of negative energy misses you.
Casting: Petrify (dangerous; 13% risk of failure)
Confirm with . or Enter, or press ? or * to list all spells.
Aiming: Petrify (dangerous; 13% risk of failure)
Press: ? - help, Shift-Dir - straight line, f/p - orc sorcerer
Aim: an orc sorcerer, wielding a +0 dagger and wearing a +0 robe (chance to defeat MR: 39%)
The orc sorcerer resists with some effort.
The orc sorcerer casts a spell at you. The bolt of fire hits you!!
The orc sorcerer hits you but does no damage.
There is a staircase back to the Dungeon here.
The orc sorcerer casts a spell at you. The bolt of fire hits you!!
Ouch! That really hurt!
You die...

##### ##.#.##
#.))..## ##.#)..#
####)## ##...##
##.....# .
#......### # ..#
###...@..#.#.#.#
..o.#......o[$....#
..........[$[..#....
........[...[.......
.......)..###.......
..$.....### .......
.^..(.... .......
.....(... .......
...##..... ..##.#.


You could see an orc sorcerer.

Vanquished Creatures
  Erolcha (D:9)
  A two-headed ogre (D:10)
  A centaur warrior (D:10)
  3 unseen horrors
  2 orc knights
  An ugly thing (D:11)
  A cyclops (D:11)
  2 orc sorcerers (Bailey)
  A gargoyle (D:10)
  A troll (D:10)
  Prince Ribbit (D:5)
  4 hippogriffs
  A shadow (D:10)
  5 yaks
  2 wraiths
  Duvessa (D:5)
  A water moccasin (D:10)
  A black bear (D:7)
  20 orc warriors
  A swamp drake (D:11)
  4 sky beasts
  5 ice beasts
  A phantom (D:6)
  3 necrophages
  13 ogres
  2 crocodiles
  7 centaurs
  A big kobold (D:9)
  Blork the orc (D:5)
  4 bullfrogs
  Dowan (D:5)
  A wyvern skeleton (D:11)
  4 scorpions
  8 killer bees
  4 wights (D:11)
  5 electric eels (Bailey)
  8 howler monkeys
  2 centaur zombies
  A quasit (D:10)
  3 bullfrog zombies
  10 orc wizards
  12 orc priests
  2 bullfrog skeletons
  7 hounds
  3 jellies
  4 centaur skeletons
  6 worker ants
  An iguana (D:7)
  A killer bee zombie (D:10)
  2 hound zombies
  2 howler monkey zombies
  3 gnolls (Bailey)
  A howler monkey skeleton (D:4)
  14 adders
  A shadow imp (D:5)
  A white imp (D:2)
  An ooze (D:4)
  An adder zombie (D:5)
  2 adder skeletons
  2 worms
  5 dart slugs
  12 leopard geckos
  57 orcs
  A ball python (D:4)
  10 bats
  4 giant cockroaches
  29 goblins
  10 hobgoblins
  9 jackals (D:5)
  6 quokkas
  A ball python skeleton (D:4)
  9 frilled lizards
  A jackal skeleton (D:4)
  12 kobolds
  2 leopard gecko zombies
  A quokka skeleton (D:4)
  12 rats
  A fulminant prism (D:7)
387 creatures vanquished.

Vanquished Creatures (others)
  18 fulminant prisms
  4 plants (D:7)
22 creatures vanquished.

Grand Total: 409 creatures vanquished

Notes
Turn   | Place    | Note
-------+----------+-------------------------------------------
     0 | D:1      | THICCCLAPPER the Gargoyle Conjurer began the quest for the
                  | Orb.
     0 | D:1      | Reached XP level 1. HP: 10/10 MP: 3/3
   118 | D:1      | Reached XP level 2. HP: 15/15 MP: 1/5
   351 | D:1      | Found a snail-covered altar of Cheibriados.
   356 | D:1      | Learned a level 2 spell: Searing Ray
   379 | D:1      | Reached skill level 5 in Conjurations
   487 | D:1      | Reached XP level 3. HP: 19/19 MP: 3/6
   689 | D:2      | Found a faded altar of an unknown god.
  1187 | D:2      | Reached XP level 4. HP: 24/24 MP: 1/8
  1918 | D:3      | Learned a level 4 spell: Fulminant Prism
  1959 | D:3      | Reached XP level 5. HP: 28/28 MP: 6/9
  2022 | D:3      | Reached skill level 6 in Conjurations
  2022 | D:3      | Reached skill level 1 in Hexes
  2291 | D:4      | Reached XP level 6. HP: 32/32 MP: 3/10
  2882 | D:4      | Reached XP level 7. HP: 12/36 MP: 6/12
  3206 | D:4      | Found Ocomall's Assorted Antiques.
  3209 | D:4      | Bought an aquamarine-encrusted leather armour for 140 gold
                  | pieces
  3263 | D:4      | Found a white marble altar of Elyvilon.
  3393 | D:5      | Entered Level 5 of the Dungeon
  3393 | D:5      | Noticed Blork the orc
  3399 | D:5      | Killed Blork the orc
  3399 | D:5      | Reached skill level 7 in Conjurations
  3746 | D:5      | Noticed Duvessa
  3762 | D:5      | Killed Duvessa
  3762 | D:5      | Reached XP level 8. HP: 34/41 MP: 9/14
  3778 | D:5      | Identified the +0 leather armour of Bad Feelings {rPois
                  | rC++ Int+2 Slay-6} (You bought it in a shop on level 4 of
                  | the Dungeon)
  3789 | D:5      | Noticed Dowan
  3791 | D:5      | Killed Dowan
  4031 | D:5      | Reached skill level 8 in Conjurations
  4096 | D:5      | Noticed Prince Ribbit
  4285 | D:5      | Killed Prince Ribbit
  4285 | D:5      | Reached skill level 5 in Stealth
  4598 | D:6      | Reached XP level 9. HP: 41/45 MP: 10/16
  4600 | D:6      | Reached skill level 9 in Conjurations
  4600 | D:6      | Reached skill level 5 in Hexes
  4708 | D:6      | Found an opulent altar of Gozag.
  4708 | D:6      | Found a sparkling altar of Nemelex Xobeh.
  4743 | D:6      | Found a staircase to the Ecumenical Temple.
  4746 | D:6      | Reached skill level 5 in Spellcasting
  4754 | Temple   | Entered the Ecumenical Temple
  5066 | D:6      | Found an opulent altar of Gozag.
  5317 | D:7      | Found Ucver's Gadget Boutique.
  5346 | D:7      | Found Migydd's Antique Armour Shop.
  5359 | D:7      | Bought a dazzling helmet for 256 gold pieces
  5364 | D:7      | Identified the +3 helmet "Ixamag" {+Fly rElec rC+} (You
                  | bought it in a shop on level 7 of the Dungeon)
  5395 | D:7      | Found a flagged portal.
  5405 | Bailey   | Entered a bailey
  5413 | Bailey   | Learned a level 3 spell: Dazzling Flash
  5613 | Bailey   | Reached skill level 1 in Evocations
  5639 | Bailey   | Acquired a scarf of invisibility
  5684 | Bailey   | Noticed an orc sorcerer
  5684 | Bailey   | Noticed an orc sorcerer
  5706 | Bailey   | Killed an orc sorcerer
  5814 | Bailey   | Found an iron altar of Okawaru.
  5840 | Bailey   | Noticed a sun demon
  5843 | Bailey   | Killed an orc sorcerer
  5843 | Bailey   | Reached skill level 10 in Conjurations
  6028 | Bailey   | Reached XP level 10. HP: 44/50 MP: 14/18
  6434 | Bailey   | Noticed an orc knight
  6454 | Bailey   | Killed an orc knight
  6908 | D:7      | Found Ebud Cae's Jewellery Shoppe.
  7036 | D:7      | Reached skill level 11 in Conjurations
  7139 | D:7      | Found Dainoamowo's Antique Weapon Shop.
  7256 | D:7      | Found Veyxef's Armour Emporium.
  8019 | D:8      | Found Wumese Feedu's Changing Room.
  8039 | D:8      | Found a shimmering altar of Xom.
  8062 | D:8      | Found an iron altar of Okawaru.
  8063 | D:8      | Found a shattered altar of Ashenzari.
  8065 | D:8      | Found a burning altar of Makhleb.
  8155 | D:8      | Became a worshipper of Ashenzari the Shackled
  8259 | D:8      | Acquired 2370 gold pieces
  8300 | D:7      | Bought a polished scale mail for 243 gold pieces
  8300 | D:7      | Identified the cursed +0 scale mail of Wasted Space {Harm
                  | Str-4 Dex+4 SInv} (You bought it in a shop on level 7 of
                  | the Dungeon)
  8405 | D:4      | Bought a scroll of identify for 40 gold pieces
  8514 | D:7      | Bought a quick blade for 330 gold pieces
  9149 | D:9      | Reached skill level 1 in Short Blades
  9293 | D:8      | Reached XP level 11. HP: 17/54 MP: 16/21
  9815 | D:9      | Noticed Erolcha
 10378 | D:10     | Entered Level 10 of the Dungeon
 10963 | D:4      | Bought a fuming cyan potion for 18 gold pieces
 10963 | D:4      | Bought a hardcover book for 300 gold pieces
 10963 | D:4      | Bought 3 scrolls of fear for 210 gold pieces
 11036 | D:7      | Bought a wand of acid (5) for 180 gold pieces
 11036 | D:7      | Bought a wand of polymorph (5) for 70 gold pieces
 11042 | D:7      | Learned a level 5 spell: Metabolic Englaciation
 11047 | D:7      | Learned a level 4 spell: Petrify
 11377 | D:9      | Found a shadowy altar of Dithmenos.
 11424 | D:9      | Found a white marble altar of Elyvilon.
 11449 | D:9      | Killed Erolcha
 11449 | D:9      | Reached skill level 1 in Earth Magic
 11567 | D:9      | Found Bieg's Antique Armour Shop.
 12091 | D:10     | Reached skill level 5 in Evocations
 12266 | D:10     | Killed an unseen horror
 12266 | D:10     | Reached skill level 1 in Transmutations
 12462 | D:10     | HP: 1/54 [something (7)]
 12815 | D:10     | Noticed a two-headed ogre
 12827 | D:10     | Killed a two-headed ogre
 12836 | D:10     | Killed an unseen horror
 12836 | D:10     | Reached XP level 12. HP: 24/59 MP: 15/23
 13061 | D:10     | Noticed a centaur warrior
 13071 | D:10     | Killed a centaur warrior
 13605 | D:11     | Reached * piety under Ashenzari
 13949 | D:11     | Found a staircase to the Lair.
 14471 | D:11     | Found a staircase to the Orcish Mines.
 14781 | D:11     | Reached skill level 12 in Conjurations
 14801 | D:11     | Reached skill level 5 in Earth Magic
 15066 | Orc:1    | Entered Level 1 of the Orcish Mines
 15463 | Orc:1    | Killed from afar by an orc sorcerer

Illustrated notes

Levels and vault maps discovered:
D:1:      saegor_arrival_simple_c, layout_rooms, minivault_25, nrook_campfire,
          hangedman_decor_push, cheibriados_altar_1
D:2:      layout_basic, chequers_ecumenical_altar_simple, minmay_hexomino_c4
D:3:      layout_basic
D:4:      layout_loops_corners, serial_shops, shop, enter_ossuary_1,
          elyvilon_altar_5
D:5:      layout_rooms, uniq_prince_ribbit1, uniq_blork_the_orc, uniq_duvessa
D:6:      layout_basic, grunt_temple_overflow_opulence,
          minmay_temple_entry_sparse_star, grunt_gozag_statues
D:7:      layout_basic, enter_bailey_8, serial_shops, nicolae_shop_waterfront,
          shop, shop, shop_fountains, nicolae_shop_statue_plus,
          minmay_lizard_king
D:8:      layout_cave_pools, grunt_temple_overflow_open,
          grunt_decor_mini_mirrors, nicolae_transmutations_shop
D:9:      layout_loops_ring, old_standard_altar, basic_altar, serial_shops,
          nicolae_shop_trees, uniq_erolcha
D:10:     minmay_the_grid_4x2 [minmay_the_grid_minigrid_small_alt,
          minmay_the_grid_rooms, minmay_the_grid_box_x, minmay_the_grid_gridbox,
          minmay_the_grid_small_cups, minmay_the_grid_diamond_grid,
          minmay_the_grid_expand, minmay_the_grid_prize_big_room], layout_rooms
D:11:     layout_small_grid, lair_entry_dummy, erik_orc_1,
          kennysheep_generic_room_14
Temple:   regret_index_temple_generic_petals
Orc:1:    layout_diamond_mine, gammafunk_ghost_stat_death, serial_shops, shop

Skill      XL: |  1  2  3  4  5  6  7  8  9 10 11 12 |
---------------+-------------------------------------+-----
Conjurations   | 5 6 7 8 10 11 12 | 12.0
Stealth        | 3 4 5 6 7 8 |  8.1
Spellcasting   | 3 4 5 6 7 8 |  8.2
Hexes          | 1 2 3 4 6 7 8 |  8.6
Evocations     | 2 4 5 6 |  6.2
Short Blades   | 1 3 |  3.7
Earth Magic    | 3 5 |  5.1
Transmutations | 1 2 |  2.9
Dodging        | |  1.5

Action                   |  1- 3 |  4- 6 |  7- 9 | 10-12 || total
-------------------------+-------+-------+-------+-------++-------
Melee: Unarmed           |    14 |       |       |       ||    14
       Dagger            |    13 |    19 |    41 |    38 ||   111
       Quick blade       |       |       |       |   373 ||   373
Throw: Dart              |       |       |    17 |    29 ||    46
       Stone             |       |       |       |     7 ||     7
       Boomerang         |       |       |       |     3 ||     3
 Cast: Magic Dart        |    59 |    26 |    18 |    47 ||   150
       Searing Ray       |     5 |    40 |    63 |   145 ||   253
       Fulminant Prism   |       |       |     3 |    16 ||    19
       Dazzling Flash    |       |       |     2 |    17 ||    19
       Petrify           |       |       |       |     2 ||     2
Invok: Curse Item        |       |       |       |     4 ||     4
 Abil: Evoke Flight      |       |       |     2 |     1 ||     3
       Stop Flying       |       |       |     1 |     1 ||     2
       Evoke Invisibilit |       |       |       |     8 ||     8
Evoke: Wand              |       |       |       |     6 ||     6
  Use: Scroll            |       |       |     9 |    11 ||    20
       Potion            |       |       |       |     1 ||     1
 Stab: Sleeping          |     1 |       |     1 |    10 ||    12
       Invisible         |       |       |       |    16 ||    16
       Fleeing           |       |       |       |     1 ||     1
Armor: Robe              |    18 |       |    54 |   263 ||   335
       Leather armour    |       |    29 |     4 |       ||    33
Dodge: Dodged            |    26 |    33 |   108 |   342 ||   509

Table legend: (Time is in decaauts)
 A = Elapsed time spent in this place.
 B = Non-inter-level travel time spent in this place.
 C = Inter-level travel time spent in this place.
 D = Time resting spent in this place.
 E = Time spent auto-exploring this place.
 F = Levels seen in this place.
 G = Mean time per level.
                   A        B        C        D        E       F      G
               +--------+--------+--------+--------+--------+-----+--------+
         Total |  15341 |  14304 |   1037 |   2821 |   8177 |  14 | 1095.8 |
       Dungeon |  13428 |  12426 |   1002 |   2243 |   7474 |  11 | 1220.7 |
        Temple |    222 |    187 |     35 |      0 |    187 |   1 |  222.0 |
  Orcish Mines |    280 |    280 |      0 |    193 |      0 |   1 |  280.0 |
        Bailey |   1409 |   1409 |      0 |    385 |    516 |   1 | 1409.0 |
               +--------+--------+--------+--------+--------+-----+--------+

Top non-repeatable levels by time:
    D:10: 1952 daAuts
     D:4: 1718 daAuts
     D:8: 1679 daAuts
    D:11: 1530 daAuts
     D:7: 1509 daAuts
  Bailey: 1409 daAuts
     D:9: 1382 daAuts
     D:2: 877 daAuts
     D:6: 743 daAuts
     D:3: 738 daAuts
     D:5: 649 daAuts
     D:1: 648 daAuts
   Orc:1: 280 daAuts
  Temple: 222 daAuts
